 Dungeon Crawl Stone Soup version 0.32-a0 (webtiles) character file.

Game seed: 11446443917187132242

262798 Amplified the Impregnable (level 18, -3/270 HPs)
             Began as a Minotaur Alchemist on Jan 12, 2024.
             Was an Initiate of Gozag.
             Killed from afar by an ironbound thunderhulk (29 damage)
             ... with a bolt of lightning
             ... on level 1 of the Vaults on Jan 13, 2024.
             The game lasted 01:23:05 (29227 turns).

Amplified the Impregnable (Minotaur Alchemist)     Turns: 29227, Time: 01:23:06

Health: -3/270     AC: 27    Str: 25    XL:     18   Next: 39%
Magic:  26/26      EV:  9    Int: 13    God:    Gozag
Gold:   725        SH: 22    Dex: 21    Spells: 23/29 levels left

rFire   + . .        l - +11 demon trident "Taaxekk" {vamp, Will+ Int+3}
rCold   + . .        O - +2 tower shield
rNeg    + + +        q - +4 gold dragon scales
rPois   +            (helmet currently unavailable)
rElec   .            (cloak currently unavailable)
rCorr   +            (gloves currently unavailable)
SInv    .            (boots currently unavailable)
Will    +++..        X - amulet of Vitality {RegenMP++ Regen++} Stlth
                     V - ring of Gynugonn {Fly rC- rN++ Dex+6}
HPRegen 2.25/turn    e - ring of Ranotuj {Will+ rCorr Str-2 Dex+4}
MPRegen 1.00/turn

%: no passive effects
@: berserking (expiring), beast-form, marked, gold aura, flying, very quick
A: beast (slay +4), horns 2, retaliatory headbutt, cold resistance 1, strong 2
}: 2/15 runes: serpentine, barnacled
a: Begin Untransformation, Renounce Religion, Potion Petition, Call Merchant,
Bribe Branch


You were on level 1 of the Vaults.
You worshipped Gozag.
Gozag was pleased with you.
You were a hulking beast.
You visited 6 branches of the dungeon, and saw 31 of its levels.
You also visited: Gauntlet and Volcano.

You collected 12886 gold pieces.
You spent 2765 gold pieces at shops.
You paid 9396 gold pieces to Gozag.

Inventory:

Hand Weapons
 a - a +4 eveningstar of freezing
 l - the +11 demon trident "Taaxekk" (weapon) {vamp, Will+ Int+3}
   (You bought it in a shop on level 8 of the Dungeon)

   Int+3:     It affects your intelligence (+3).
   Will+:     It increases your willpower.
 y - the +5 flail of Victory {flame, rElec rC+}
   (You found it on level 6 of the Dungeon)

   rC+:       It protects you from cold.
   rElec:     It insulates you from electricity.
Missiles
 r - 23 poisoned darts
 H - 2 curare-tipped darts
 R - 2 throwing nets
Armour
 c - a +0 pair of boots
 q - +4 gold dragon scales (worn)
 s - a +2 cloak
 L - a +1 pair of gloves of stealth
 O - a +2 tower shield (worn)
Magical Staves
 i - the staff "Pedydov" {rN+ Int+4 Dex-5 Necro Fire}
   (You found it on level 5 of the Lair of Beasts)

   [staff of death]

   Base accuracy: +5 Base damage: 5 Base attack delay: 1.2 This weapon's minimum
   attack delay (0.6) is reached at skill level 12.
   Int+4:     It affects your intelligence (+4).
   Dex-5:     It affects your dexterity (-5).
   rN+:       It protects you from negative energy.
   Necro:     It increases the power of your Necromancy spells.
   Fire:      It increases the power of your Fire spells.
   It falls into the 'Staves' category.
   It is a one-handed weapon.
 u - the staff of Kindness {rPois Necro Alchemy}
   (You took it off a minotaur in a Gauntlet)

   [staff of alchemy]

   Base accuracy: +5 Base damage: 5 Base attack delay: 1.2 This weapon's minimum
   attack delay (0.6) is reached at skill level 12.
   rPois:     It protects you from poison Necro: It increases the power of your
   Necromancy spells.
   Alchemy:   It increases the power of your Alchemy spells.
   It falls into the 'Staves' category.
   It is a one-handed weapon.
Jewellery
 e - the ring of Ranotuj (right hand) {Will+ rCorr Str-2 Dex+4}
   (You bought it in a shop on level 2 of the Orcish Mines)

   [ring of resist corrosion]

   Str-2:     It affects your strength (-2).
   Dex+4:     It affects your dexterity (+4).
   Will+:     It increases your willpower.
   rCorr:     It protects you from acid and corrosion.
 g - a ring of flight
 E - a +5 ring of evasion
 F - a ring of poison resistance
 I - a ring of positive energy
 V - the ring of Gynugonn (left hand) {Fly rC- rN++ Dex+6}
   (You found it in a Gauntlet)

   [ring of dexterity]

   Dex+6:     It affects your dexterity (+6).
   rC-:       It makes you vulnerable to cold.
   rN++:      It greatly protects you from negative energy.
   Fly:       It grants you flight.
 X - the amulet of Vitality (around neck) {RegenMP++ Regen++}
   (You found it in a Gauntlet)

   [amulet of magic regeneration]

   RegenMP:   It increases your rate of magic regeneration.
   Regen++:   It increases your rate of health regeneration.
Talismans
 o - a granite talisman
 Z - the beast talisman of the Constellations (active) {rN+ Slay+3}
   (You found it on level 3 of the Lair of Beasts)

   [beast talisman]

   Slay+3:    It affects your accuracy & damage with ranged weapons and melee
   (+3).
   rN+:       It protects you from negative energy.
Wands
 j - a wand of polymorph (5)
 n - a wand of mindburst (4)
 x - a wand of flame (76)
 A - a wand of roots (34) (quivered)
 N - a wand of charming (13)
 U - a wand of digging (25)
 W - a wand of acid (9)
Scrolls
 h - a scroll of brand weapon
 k - 4 scrolls of amnesia
 m - 7 scrolls of identify
 B - 5 scrolls of poison
 C - 2 scrolls of teleportation
 G - a scroll of immolation
 K - 3 scrolls of torment
 S - a scroll of vulnerability
Potions
 b - 7 potions of magic
 d - 2 potions of mutation
 f - 11 potions of curing
 v - 3 potions of attraction
 w - 2 potions of cancellation
 z - 3 potions of resistance
 J - 3 potions of ambrosia
 P - 4 potions of brilliance
 Q - 2 potions of enlightenment
 T - 3 potions of lignification
Miscellaneous
 Y - a box of beasts (inert)


   Skills:
 - Level 20.6 Fighting
 - Level 1.6(9.9) Axes
 - Level 14.7(14.9) Maces & Flails
 * Level 3.1(4.2) Polearms
 - Level 3.9(10.5) Staves
 - Level 21.4 Armour
 - Level 6.4 Dodging
 - Level 1.5 Stealth
 - Level 14.5 Shields
 - Level 6.4 Spellcasting
 - Level 2.6 Conjurations
 - Level 6.8 Translocations
 - Level 2.1 Alchemy
 - Level 1.0 Evocations
 - Level 7.7 Shapeshifting


You had 23 spell levels left.
You knew the following spells:

 Your Spells              Type           Power      Damage    Failure   Level
a - Sting                 Conj/Alch      40%        1d5       88%         1
b - Mephitic Cloud        Conj/Alch/Air  8%         N/A       100%        3
c - Lesser Beckoning      Tloc           42%        N/A       43%         2

Your spell library contained the following spells:

 Spells                   Type           Power      Damage    Failure   Level
 Blink                    Tloc           42%        N/A       43%         2
 Gell's Gravitas          Tloc           21%        N/A       67%         3
 Teleport Other           Tloc           21%        N/A       67%         3
 Magic Dart               Conj           40%        1d5       87%         1
 Searing Ray              Conj           20%        2d5       95%         2
 Manifold Assault         Tloc           21%        N/A       97%         4
 Volatile Blastmotes      Fire/Tloc      26%        2d12      98%         3
 Necrotise                Necr           16%        1d4       99%         1
 Slow                     Hex            16%        N/A       99%         1
 Cigotuvi's Dreadful Rot  Necr/Alch/Air  12%        N/A       99%         2
 Mercury Vapours          Alch/Air       14%        N/A       99%         2
 Call Imp                 Summ           8%         N/A       100%        2
 Call Canine Familiar     Summ           4%         N/A       100%        3
 Confusing Touch          Hex            4%         N/A       100%        3
 Sigil of Binding         Hex            4%         N/A       100%        3
 Summon Ice Beast         Ice/Summ       4%         N/A       100%        3
 Swiftness                Air            4%         N/A       100%        3
 Vampiric Draining        Necr           4%         2d6       100%        3
 Airstrike                Air            2%         2d(1-17)  100%        4
 Fulminant Prism          Conj/Alch      5%         3d7       100%        4
 Ignite Poison            Fire/Alch      7%         N/A       100%        4
 Iskenderun's Mystic Bla  Conj/Tloc      16%        2d5       100%        4
 Martyr's Knell           Necr/Summ      4%         N/A       100%        4
 Olgreb's Toxic Radiance  Alch           9%         N/A       100%        4
 Sticky Flame             Fire/Alch      7%         2d4       100%        4
 Summon Blazeheart Golem  Fire/Summ      4%         N/A       100%        4
 Summon Lightning Spire   Summ/Air       4%         N/A       100%        4
 Curse of Agony           Necr           4%         N/A       100%        5
 Freezing Cloud           Conj/Ice/Air   3%         6-21      100%        5
 Iskenderun's Battlesphe  Conj           10%        2d6       100%        5
 Summon Mana Viper        Hex/Summ       4%         N/A       100%        5
 Bombard                  Conj/Erth      3%         9d1       100%        6
 Dispersal                Tloc           10%        N/A       100%        6
 Haunt                    Necr/Summ      2%         N/A       100%        7
 Monstrous Menagerie      Summ           2%         N/A       100%        7
 Orb of Destruction       Conj           5%         9d5       100%        7
 Spellforged Servitor     Conj/Summ      3%         N/A       100%        7
 Disjunction              Tloc           10%        N/A       100%        8
 Ignition                 Fire           2%         3d3       100%        8


Dungeon Overview and Level Annotations

Branches:
Dungeon (15/15)            Temple (0/1) D:5            Lair (5/5) D:8
 Shoals (4/4) Lair:3        Snake (4/4) Lair:3        Slime (0/5) Lair:5
    Orc (2/2) D:10            Elf (0/3) Orc:2        Vaults (1/5) D:13
 Depths (0/4) D:15        Volcano (visited)         Gauntlet (visited)

Altars:
Ashenzari
Fedhas
Gozag
Kikubaaqudgha
Nemelex Xobeh
Qazlal
Trog
Vehumet
Wu Jian
Xom

Shops:
D:1 =   D:4 !   D:8 !!=([   D:11 =   Orc:1 =   Orc:2 *[(*=[

Portals:
Trove: D:12 (give +4 fire dragon scales)

Annotations:
D:11 2 transporters
Shoals:2 1 runed translucent door, HourglassMan's ghost, journeyman MiFi
Shoals:3 Ilsuiw


Innate Abilities, Weirdness & Mutations

You are a hulking beast.
Your limbs bulge with bestial killing power. (Slay +4)
You have a pair of horns on your head.
You reflexively headbutt those who attack you in melee.
Your flesh is cold resistant. (rC+)
Your muscles are very strong. (Str +8, Int/Dex -2)


Message History

You barely miss the deep troll. You headbutt the deep troll.
The deep troll is heavily wounded.
You block the harpy's attack. x2; The harpy claws you!
* * * LOW HITPOINT WARNING * * *
The harpy closely misses you.
The ironbound preserver is distracted by your dazzling golden aura.
You block the deep troll's attack.
The deep troll claws you but does no damage. x2
The harpy claws you but does no damage. The harpy barely misses you.
You block the deep troll's attack.
The deep troll claws you but does no damage. x2
The deep troll is distracted by your dazzling golden aura.
The ironbound preserver shouts!
The deep troll shouts!
You impale the deep troll!!
You kill the deep troll!
The deep troll is no longer distracted by gold.
The phantasmal warrior gestures at you.
The phantasmal warrior blinks!
Electricity crackles from the ironbound thunderhulk's apparatus.
The bolt of lightning misses you. The deep troll closely misses you.
You block the deep troll's attack. x2; The harpy claws you but does no damage.
The harpy claws you.
* * * LOW HITPOINT WARNING * * *
Your base Polearms skill increases to level 3!
Unknown command.
Unknown command.
You impale the yaktaur!!
You feel better.
You headbutt the yaktaur!
The yaktaur is almost dead.
The ironbound preserver is no longer distracted by gold.
You block the harpy's attack. x2; You block the deep troll's attack. x2
The deep troll claws you but does no damage.
The deep troll bites you but does no damage.
The deep troll barely misses you. The deep troll claws you!
* * * LOW HITPOINT WARNING * * *
The yaktaur closely misses you.
A vault warden comes into view. It is wielding a +2 battleaxe.
Electricity crackles from the ironbound thunderhulk's apparatus.
The bolt of lightning hits you!!
You die...
Your body crumbles into a pile of gold.

,,,,,*,,,,,,*....#
,,,,,*,,,,,,#p...#
,,,,,*,,,,,,#....#**####**
,,,,,*,,,,,,#....#,.....,*
,,,,,*,,,,,,#.ยง..#,.....,*
,,,,,*,,,,,,#....#......,*
,,,,.########..k.#...>..,*
,,,,...........pTcW.....,*
,,,,.......C.ppTh#..,,,,,*
,,,,..........HTH#********
,,,,.......p....H#
,,,,......$$.....#
,,,,.............#
**+*####.........#
*,,,,,,#.....O...#
*,,,,,,#.........#
*,,,>,,#.........#


You could see an ironbound preserver, a vault warden, an ironbound thunderhulk,
an ettin, an ironbound frostheart (strong), 3 deep trolls, a vault sentinel, a
lindwurm, a phantasmal warrior, an ironbound convoker, a yaktaur and 3 harpies.

Vanquished Creatures
  Jorgrun (D:13)
  3 sphinxes (Shoals:4)
  9 nagarajas
  Louise (D:14)
  An orc warlord (Orc:2)
  A quicksilver ooze (Gauntlet)
  2 minotaurs
  An ironbound thunderhulk (Vaults:1)
  The ghost of Dyuvotuts the Mimic, a journeyman TrSh of Ru (Snake:2)
  Snorg (D:10)
  6 merfolk impalers
  An entropy weaver (Vaults:1)
  4 hydras
  An ironbound frostheart (Vaults:1)
  A catoblepas (Lair:3)
  3 salamander tyrants (Snake:4)
  4 anacondas
  4 centaur warriors
  2 vault guards (D:13)
  3 boulder beetles
  Erolcha (Orc:2)
  3 merfolk avatars
  5 two-headed ogres
  2 merfolk aquamancers (Shoals:4)
  10 satyrs
  A tengu warrior (D:13)
  2 orc high priests
  15 naga warriors
  A vampire mage (D:15)
  8 death yaks
  11 shock serpents
  16 naga sharpshooters
  4 skysharks
  Nergalle (Orc:2)
  A sun demon (Shoals:3)
  3 salamander mystics (Snake:4)
  3 spectral death yaks (Lair:5)
  13 skeletal warriors
  A spectral anaconda (Lair:5)
  2 sun moths (Shoals:3)
  A spark wasp zombie (D:15)
  A deep troll (Vaults:1)
  8 sea snakes
  2 arcanists (D:13)
  11 mana vipers
  3 lindwurms
  6 naga ritualists
  An obsidian statue (Lair:5)
  7 necromancers
  7 ugly things
  2 deep elf pyromancers
  5 orc knights (Orc:2)
  24 harpies
  2 orc sorcerers (Orc:2)
  8 cyclopes
  21 fauns
  5 salamanders
  2 kobold blastminers (Orc:2)
  A toenail golem (Volcano)
  9 manticores
  17 elephants
  3 meliai (D:13)
  5 merfolk sirens
  6 guardian serpents (Snake:4)
  33 black mambas
  15 naga magi
  A moth of wrath (Snake:2)
  An apocalypse crab (Gauntlet)
  2 gargoyles
  6 water nymphs
  17 cane toads
  3 molten gargoyles (Volcano)
  A cane toad (shapeshifter) (D:15)
  Maggie (D:7)
  2 rime drakes
  3 efreet (Volcano)
  4 komodo dragons
  A queen bee (shapeshifter) (D:15)
  20 merfolk
  5 trolls
  3 polar bears
  6 wind drakes
  7 blink frogs
  A spectral elephant (Lair:5)
  6 dream sheep
  6 snapping turtles
  9 slime creatures
  A dire elephant simulacrum (Lair:5)
  2 water elementals (Shoals:4)
  A vampire (D:10)
  4 wyverns
  31 yaks
  17 humans (D:13)
  3 basilisks
  2 steam dragons
  4 fire elementals (Volcano)
  2 wargs
  A redback (Vaults:1)
  10 vampire mosquitoes
  29 nagas
  A spectral cane toad (Lair:5)
  27 water moccasins
  4 acid dragons
  35 orc warriors
  2 elephant zombies (Lair:5)
  6 black bears
  7 ogres
  6 wolves
  11 centaurs
  3 elephant skeletons (Lair:5)
  7 kobold brigands
  13 bullfrogs
  2 earth elementals (Volcano)
  2 cane toad simulacra (Lair:5)
  3 scorpions
  13 wights
  8 killer bees
  An electric eel (Lair:3)
  9 howler monkeys
  2 bombardier beetles
  6 jellies
  16 orc priests
  4 hounds
  3 gnoll boudas (D:7)
  Natasha (D:2)
  22 orc wizards
  A sleepcap (D:5)
  4 iguanas
  12 hell rats
  Robin (D:2)
  16 gnolls
  8 adders
  2 shadow imps (D:7)
  A white imp (D:6)
  2 ufetubi (D:6)
  A dart slug (Snake:4)
  3 ribbon worms (D:2)
  65 orcs
  5 endoplasms
  3 giant cockroaches
  14 goblins
  14 hobgoblins
  3 jackals (D:1)
  5 quokkas
  9 ball pythons
  3 bats
  7 frilled lizards
  24 kobolds
  2 rats (D:1)
989 creatures vanquished.

Vanquished Creatures (collateral kills)
  A naga warrior (Snake:2)
  A moth of wrath (Snake:2)
  2 salamanders (Snake:2)
4 creatures vanquished.

Vanquished Creatures (others)
  A harpy (Shoals:4)
  A dream sheep (Shoals:4)
  A naga (Snake:3)
  An orc warrior (Orc:2)
  A kobold (D:8)
5 creatures vanquished.

Grand Total: 998 creatures vanquished

Notes
Turn   | Place    | Note
-------+----------+-------------------------------------------
     0 | D:1      | Amplified the Minotaur Alchemist began the quest for the
                  | Orb.
     0 | D:1      | Reached XP level 1. HP: 14/14 MP: 1/1
   149 | D:1      | Reached skill level 1 in Fighting
   149 | D:1      | Reached skill level 1 in Staves
   149 | D:1      | Reached skill level 1 in Conjurations
   150 | D:1      | Reached XP level 2. HP: 21/23 MP: 3/3
   511 | D:1      | Found Saoshruha's Jewellery Emporium.
  1019 | D:2      | Reached XP level 3. HP: 28/28 MP: 4/4
  1049 | D:2      | Learned a level 3 spell: Mephitic Cloud
  1146 | D:2      | Gained mutation: Armour fits poorly on your strangely
                  | shaped body. [potion of mutation]
  1146 | D:2      | Gained mutation: You are clumsy. (Dex -2) [potion of
                  | mutation]
  1146 | D:2      | Lost mutation: Armour fits poorly on your strangely shaped
                  | body. [potion of mutation]
  1147 | D:2      | Lost mutation: You are clumsy. (Dex -2) [potion of
                  | mutation]
  1147 | D:2      | Gained mutation: Your muscles are strong. (Str +4, Int/Dex
                  | -1) [potion of mutation]
  1147 | D:2      | Gained mutation: Your muscles are very strong. (Str +8,
                  | Int/Dex -2) [potion of mutation]
  1147 | D:2      | Gained mutation: Your flesh is cold resistant. (rC+)
                  | [potion of mutation]
  1295 | D:2      | Noticed Natasha
  1435 | D:3      | HP: 1/29 [hobgoblin (2)]
  1555 | D:3      | Reached skill level 1 in Evocations
  1674 | D:3      | Reached XP level 4. HP: 28/36 MP: 5/5
  1779 | D:3      | Found a sparkling altar of Nemelex Xobeh.
  1943 | D:3      | Found an opulent altar of Gozag.
  1955 | D:3      | Became a worshipper of Gozag Ym Sagoz the Greedy
  2012 | D:3      | Noticed a scorpion
  2017 | D:3      | Killed a scorpion
  2018 | D:3      | Reached XP level 5. HP: 44/44 MP: 2/6
  2176 | D:4      | Reached skill level 1 in Shapeshifting
  2571 | D:2      | Noticed Robin
  2592 | D:2      | Killed Robin
  3151 | D:5      | Entered Level 5 of the Dungeon
  3211 | D:5      | Reached XP level 6. HP: 42/51 MP: 2/7
  3409 | D:5      | Noticed an orc warrior
  3529 | D:2      | Killed Natasha
  4050 | D:4      | Reached skill level 1 in Axes
  4050 | D:4      | Reached skill level 1 in Armour
  4050 | D:4      | Reached XP level 7. HP: 53/59 MP: 8/8
  4057 | D:4      | Found Wuntudas's Distillery.
  4239 | D:4      | Identified the +1 robe of Honour {Regen+ Str+3 Stlth-}
  4461 | D:5      | Found a staircase to the Ecumenical Temple.
  4744 | D:5      | Identified the +8 flail of Zonixooq {heavy, Dex+3 SInv}
  5052 | D:5      | Reached skill level 1 in Maces & Flails
  5052 | D:5      | Reached skill level 2 in Armour
  5295 | D:6      | Reached skill level 5 in Fighting
  5380 | D:6      | Reached skill level 3 in Armour
  5504 | D:6      | Reached XP level 8. HP: 48/69 MP: 9/9
  5626 | D:6      | Got the Elucidation of the Flock
  5629 | D:6      | Found a shimmering altar of Xom.
  5629 | D:6      | Found a shimmering altar of Xom.
  5630 | D:6      | Found a shimmering altar of Xom.
  5630 | D:6      | Found a shimmering altar of Xom.
  5820 | D:6      | Reached skill level 4 in Armour
  5969 | D:6      | Identified the +5 flail of Victory {flame, rElec rC+}
  6306 | D:7      | Reached skill level 5 in Armour
  6422 | D:7      | Noticed a two-headed ogre
  6449 | D:7      | Killed a two-headed ogre
  6450 | D:7      | Reached skill level 5 in Maces & Flails
  6450 | D:7      | Reached skill level 6 in Armour
  6450 | D:7      | Reached XP level 9. HP: 79/79 MP: 10/10
  6585 | D:7      | Found a stormy altar of Qazlal.
  6586 | D:7      | Found an ancient bone altar of Kikubaaqudgha.
  6643 | D:7      | Noticed a two-headed ogre
  6889 | D:7      | Noticed a two-headed ogre
  6890 | D:7      | Noticed a boulder beetle
  7184 | D:8      | You fall into a shaft and drop 2 floors!
  7184 | D:10     | Entered Level 10 of the Dungeon
  7519 | D:10     | Found a staircase to the Orcish Mines.
  7555 | D:10     | Reached skill level 7 in Armour
  7671 | D:10     | Found Cocris's Magic Scroll Boutique.
  7675 | D:10     | Bought a scroll of teleportation for 39 gold pieces
  7675 | D:10     | Bought a scroll of teleportation for 39 gold pieces
  7675 | D:10     | Bought a scroll of fog for 52 gold pieces
  7675 | D:10     | Bought a scroll of revelation for 97 gold pieces
  7675 | D:10     | Bought a scroll of teleportation for 39 gold pieces
  7675 | D:10     | Bought a scroll of fog for 52 gold pieces
  7692 | D:10     | Reached skill level 5 in Shapeshifting
  7823 | D:10     | Got the Incunable of Dimensional Gusts
  8210 | D:10     | Noticed a two-headed ogre
  8217 | D:10     | Killed a two-headed ogre
  8218 | D:10     | Reached XP level 10. HP: 90/90 MP: 11/11
  8312 | D:11     | Noticed a gargoyle
  8315 | D:10     | Upgraded the game from 0.31-a0-1626-g5cb510d322 to 0.32-a0
  8353 | D:9      | Noticed a two-headed ogre
  8515 | D:8      | Reached skill level 8 in Armour
  8522 | D:8      | Noticed a two-headed hydra
  8599 | D:9      | Killed a two-headed ogre
  8750 | D:8      | Killed a two-headed hydra
  8757 | D:8      | Reached skill level 9 in Armour
  8767 | D:9      | Reached skill level 10 in Fighting
  9081 | D:8      | Found a staircase to the Lair.
  9134 | D:8      | Identified the +5 halberd "Omewuh" {antimagic, rElec rC+}
  9135 | D:8      | Identified 3 scrolls of acquirement
  9148 | D:8      | Reached XP level 11. HP: 92/99 MP: 5/12
  9870 | D:9      | Found a radiant altar of Vehumet.
  9939 | D:9      | Found a bloodstained altar of Trog.
 10066 | D:9      | Identified the +11 glaive of Distraction {heavy, *Noise
                  | rN+++ rCorr Int+2}
 10509 | D:7      | Noticed a purple ugly thing
 10520 | D:7      | Killed a purple ugly thing
 10597 | D:7      | Killed a boulder beetle
 10644 | D:7      | Reached skill level 10 in Armour
 10695 | D:7      | Killed a two-headed ogre
 10963 | D:7      | Reached skill level 10 in Maces & Flails
 11164 | D:7      | Found a broken altar of Ashenzari.
 11164 | D:7      | Found an ornate altar of the Wu Jian Council.
 11172 | D:7      | Found a faded altar of an unknown god.
 11172 | D:7      | Noticed Maggie
 11176 | D:7      | Found a blossoming altar of Fedhas.
 11178 | D:7      | Killed Maggie
 11179 | D:7      | Found a faded altar of an unknown god.
 11362 | D:11     | Noticed a deep elf knight
 11427 | D:11     | Found Doghustramu's Jewellery Shop.
 11433 | D:11     | Found a transporter.
 11466 | D:11     | Noticed an orc high priest
 11466 | D:11     | Noticed a deep elf knight
 11474 | D:11     | Found a transporter.
 11720 | D:11     | Noticed a two-headed ogre
 11727 | D:11     | Killed a two-headed ogre
 12316 | D:12     | Reached skill level 11 in Armour
 12323 | D:12     | Noticed a skeletal warrior
 12323 | D:12     | Noticed a skeletal warrior
 12324 | D:12     | Noticed a skeletal warrior
 12340 | D:11     | Killed a skeletal warrior
 12341 | D:11     | Reached XP level 12. HP: 73/112 MP: 13/13
 12937 | D:12     | Found a portal to a secret trove of treasure.
 13169 | D:12     | Acquired 710 gold pieces
 13171 | D:12     | Acquired 646 gold pieces
 13173 | D:12     | Acquired a manual of Armour
 13492 | D:12     | Reached skill level 12 in Armour
 13732 | D:12     | Found a blossoming altar of Fedhas.
 14049 | D:13     | Noticed a tengu warrior
 14068 | D:13     | Killed a tengu warrior
 14344 | D:13     | Noticed a six-headed hydra
 14351 | D:13     | Killed a six-headed hydra
 14352 | D:13     | Reached skill level 13 in Armour
 14736 | D:13     | Reached skill level 14 in Armour
 14787 | D:13     | Reached XP level 13. HP: 115/122 MP: 14/14
 15002 | D:13     | Noticed Jorgrun
 15019 | D:13     | Killed Jorgrun
 15214 | D:13     | Found a gate to the Vaults.
 15250 | D:13     | Reached skill level 15 in Armour
 15876 | D:14     | Identified the staff of Peace {rElec rPois Str-3 Dex-4
                  | Necro Air Alchemy}
 15883 | D:14     | Noticed Louise
 16057 | D:14     | Killed Louise
 16586 | D:14     | Reached skill level 16 in Armour
 17519 | D:15     | Entered Level 15 of the Dungeon
 17576 | D:15     | Reached skill level 15 in Fighting
 17743 | D:15     | Reached skill level 17 in Armour
 18441 | D:15     | Found a staircase to the Depths.
 18452 | D:15     | Reached XP level 14. HP: 99/135 MP: 15/15
 18798 | Orc:1    | Entered Level 1 of the Orcish Mines
 18798 | Orc:1    | Noticed Snorg
 18808 | D:10     | Killed Snorg
 18932 | Orc:1    | Reached skill level 1 in Shields
 19285 | Orc:1    | Found Husohaot's Jewellery Boutique.
 19465 | Orc:2    | Entered Level 2 of the Orcish Mines
 19538 | Orc:2    | Found Tifenael's Assorted Antiques.
 19549 | Orc:2    | Bought a scroll of enchant armour for 187 gold pieces
 20014 | Orc:2    | Reached skill level 18 in Armour
 20139 | Orc:2    | Found Deickom's Antique Armour Boutique.
 20190 | Orc:2    | Noticed Nergalle
 20210 | Orc:2    | Killed Nergalle
 20315 | Orc:2    | Noticed Erolcha
 20329 | Orc:2    | Killed Erolcha
 20667 | Orc:2    | Noticed an orc warlord
 20689 | Orc:2    | Killed an orc warlord
 20842 | Orc:2    | Found Rariep's Antique Armour Shoppe.
 20871 | Orc:2    | Found Xiene's Jewellery Shoppe.
 20874 | Orc:2    | Found Puhoroah's Antique Weapon Shoppe.
 20930 | Orc:2    | Bought the ring of Ranotuj {Will+ rCorr Str-2 Dex+4} for
                  | 368 gold pieces
 20940 | Orc:2    | Found Wuemunyg's General Store.
 20946 | Orc:2    | Bought a potion of haste for 150 gold pieces
 20962 | Orc:2    | Bought a glowing scarf for 216 gold pieces
 21011 | Orc:2    | Found a staircase to the Elven Halls.
 21188 | Orc:1    | Reached skill level 5 in Shields
 21395 | D:8      | Bought a potion of might for 68 gold pieces
 21405 | Lair:1   | Entered Level 1 of the Lair of Beasts
 21515 | Lair:1   | Found a dark tunnel.
 21522 | Volcano  | Entered a volcano
 21915 | Lair:5   | Entered Level 5 of the Lair of Beasts
 22022 | Lair:5   | Found a gate leading to a gauntlet.
 22049 | Lair:5   | Found a staircase to the Slime Pits.
 22093 | Lair:5   | Reached skill level 19 in Armour
 22145 | Gauntlet | Entered a Gauntlet
 22145 | Gauntlet | Found a transporter.
 22147 | Gauntlet | Noticed a quicksilver ooze
 22148 | Gauntlet | Found a transporter.
 22150 | Gauntlet | Found a transporter.
 22150 | Gauntlet | Found a transporter.
 22153 | Gauntlet | Found a transporter.
 22154 | Gauntlet | Found a transporter.
 22174 | Gauntlet | Found a transporter.
 22184 | Gauntlet | Found a transporter.
 22185 | Gauntlet | Found the amulet of Vitality {RegenMP++ Regen++}
 22233 | Gauntlet | Killed a quicksilver ooze
 22245 | Gauntlet | Identified the ring of Gynugonn {Fly rC- rN++ Dex+6}
 22434 | Gauntlet | Identified the staff of Kindness {rPois Necro Alchemy}
 22567 | Lair:5   | Reached XP level 15. HP: 112/147 MP: 16/16
 22711 | Lair:5   | Got an earthy gem with 2935 turns to spare
 22857 | Lair:5   | Identified the staff "Pedydov" {rN+ Int+4 Dex-5 Necro Fire}
 23932 | Lair:3   | Reached skill level 10 in Shields
 23993 | Lair:3   | Reached skill level 20 in Armour
 24067 | Lair:3   | Found a staircase to the Snake Pit.
 24085 | Snake:1  | Entered Level 1 of the Snake Pit
 24164 | Snake:1  | Learned a level 2 spell: Lesser Beckoning
 24373 | Snake:2  | Reached skill level 1 in Translocations
 24416 | Snake:2  | Noticed Dyuvotuts's ghost (journeyman TrSh)
 24436 | Snake:2  | Found a transporter.
 24438 | Snake:2  | Found a transporter.
 24651 | Snake:3  | Reached XP level 16. HP: 158/159 MP: 18/18
 24707 | Snake:4  | Entered Level 4 of the Snake Pit
 25374 | Snake:4  | Identified the +0 plate armour of Uskayaw's Esteem {Int+3}
 25722 | Snake:4  | Got a jade gem with 711 turns to spare
 25724 | Snake:4  | Got a serpentine rune of Zot
 25929 | Snake:3  | Reached skill level 21 in Armour
 26191 | Snake:3  | HP: 7/160 [shock serpent/bolt of electricity (2)]
 26362 | Snake:2  | Found a bloodstained altar of Trog.
 26374 | Snake:2  | Identified the +0 buckler of Hegrall {*Corrode rPois Will+}
 26403 | Snake:2  | Killed Dyuvotuts's ghost
 26404 | Snake:2  | Reached XP level 17. HP: 168/168 MP: 20/22
 26428 | Snake:2  | Lost the jade gem through the power of Zot.
 26755 | Snake:1  | Reached skill level 5 in Translocations
 26949 | Lair:3   | Identified the beast talisman of the Constellations {rN+
                  | Slay+3}
 27098 | Lair:3   | Reached skill level 5 in Spellcasting
 27172 | Lair:3   | Found a staircase to the Shoals.
 27187 | Shoals:1 | Entered Level 1 of the Shoals
 27420 | Shoals:2 | Noticed HourglassMan's ghost (journeyman MiFi)
 27435 | Shoals:2 | Found a runed translucent door.
 27599 | Shoals:3 | Noticed Ilsuiw
 27706 | Shoals:4 | Entered Level 4 of the Shoals
 27723 | Shoals:4 | Noticed a sphinx
 27731 | Shoals:4 | Paralysed by a sphinx for 5 turns
 27738 | Shoals:4 | Killed a sphinx
 27792 | Shoals:4 | Noticed a sphinx
 27797 | Shoals:4 | Killed a sphinx
 27809 | Shoals:4 | Noticed a sphinx
 27850 | Shoals:4 | Killed a sphinx
 27957 | Shoals:4 | Reached skill level 5 in Dodging
 27971 | Shoals:4 | Got an azure gem with 957 turns to spare
 27975 | Shoals:4 | Got a barnacled rune of Zot
 28036 | Shoals:4 | Reached XP level 18. HP: 178/179 MP: 25/25
 28935 | D:8      | Bought a dazzling demon trident for 720 gold pieces
 28935 | D:8      | Identified the +11 demon trident "Taaxekk" {vamp, Will+
                  | Int+3} (You bought it in a shop on level 8 of the Dungeon)
 28941 | D:8      | Bought a potion of heal wounds for 90 gold pieces
 28941 | D:8      | Bought a potion of resistance for 180 gold pieces
 28941 | D:8      | Bought a potion of resistance for 180 gold pieces
 28941 | D:8      | Bought a potion of cancellation for 144 gold pieces
 28941 | D:8      | Bought a potion of cancellation for 144 gold pieces
 29057 | Vaults:1 | Entered Level 1 of the Vaults
 29101 | Vaults:1 | Reached skill level 1 in Polearms
 29227 | Vaults:1 | Killed from afar by an ironbound thunderhulk

Illustrated notes

Levels and vault maps discovered:
D:1:      hellmonk_arrival_library, layout_loops_ring, serial_shops,
          nicolae_shop_competitors_out_of_business
D:2:      minmay_evil_eye, layout_loops_ring, uniq_robin, uniq_natasha
D:3:      layout_rooms, lemuel_round_altar, old_standard_altar
D:4:      layout_gridville, serial_shops, nicolae_shop_tiny_real_fake_doors
D:5:      layout_basic, minmay_temple_entry_grid
D:6:      minmay_inner_zag, layout_loops_ring, xom_redecorated
D:7:      layout_rooms, mainiacjoe_overflow_divided_tiny,
          chequers_temple_overflow_minitemple, minmay_shattered_shrine,
          uniq_maggie
D:8:      layout_loops_ring, due_lair_maze_entry_diamond,
          kb_lookout_dungeons_type, hangedman_ranch
D:9:      layout_roguey, trog_ov_bears_minmay, vehumet_crystals
D:10:     layout_stronghold, orc_0_dummy, serial_shops, nicolae_shop_trees
D:11:     gammafunk_wand_slinger, layout_irregular_city, serial_shops, shop
D:12:     layout_roguey, enter_trove_2, special_room [special_room_orc],
          fedhas_altar_4
D:13:     layout_loops_ring, grunt_vaults_entry_tiered, uniq_jorgrun
D:14:     layout_layer_cave, bh_walls_and_bars, uniq_louise
D:15:     gammafunk_depths_entry_grave, layout_rooms,
          hangedman_abyss_or_decor_clamps
Lair:1:   gammafunk_indiana_jones, layout_cave_pods, enter_volcano_4,
          nzn_random_ring
Lair:2:   layout_roguey, beast_lair_carwin_7, grunt_megastairs_2, uniq_erica
Lair:3:   nzn_winding_woodlands_three_and_one
          [nzn_winding_woodlands_5x15_river_crossing,
          nzn_winding_woodlands_5x15_pathside_ponds,
          nzn_winding_woodlands_5x15_cabin, nzn_winding_woodlands_center_lodge],
          layout_gridlike, nicolae_shoals_entry_roost,
          minmay_snake_entry_six_corridors, fungi_pond_lemuel
Lair:4:   layout_cave_pods, grunt_megastairs_3
Lair:5:   due_jungle_book, layout_misc_corridors, slime_entry_2,
          gauntlet_entry_generic, grunt_megastairs_4
Shoals:1: layout_shoals
Shoals:2: layout_shoals, hellmonk_ghost_happy_afterlife
Shoals:3: layout_shoals, nicolae_shoals_lost_giant_temple,
          nicolae_shoals_bring_sunscreen, uniq_ilsuiw
Shoals:4: shoals_end_hellmonk_lost_city
Snake:1:  layout_onion_interference, nicolae_snake_serpentine_hallways
Snake:2:  layout_grid_maze, gammafunk_ghost_wrathful_warriors
Snake:3:  layout_rooms
Snake:4:  grunt_snake_rune_spirals, layout_onion, grunt_ministairs_14
Orc:1:    layout_caves, serial_shops, nicolae_shop_gaudy_bauble,
          nicolae_orc_quarried_blocks, uniq_snorg
Orc:2:    grunt_orc_cross, layout_diamond_mine, serial_shops, shop, shop,
          special_room, nicolae_orc_pool_cavern
Vaults:1: mu_enter_wizlab_1, nicolae_vaults_layer_cake_slice,
          nicolae_vaults_border_crossing, vaults_dpeg_hooks,
          vaults_room_ringed_pool, ontoclasm_vaults_fault,
          nicolae_vaults_little_squares_6, ontoclasm_vaults_decontamination,
          nicolae_vaults_enemy_cabinets, layout_vaults_big_room

Skill      XL: |  1  2  3  4  5  6  7  8  9 10 11 12 13 14 15 16 17 18 |
---------------+-------------------------------------------------------+-----
Fighting       | 1 2 3 4 5 7 8 10 11 13 15 17 18 19 20 | 20.6
Staves         | 1 2 3 |  3.9
Conjurations   | 1 2 |  2.6
Evocations     | 1 |  1.0
Shapeshifting  | 1 2 3 4 5 6 7 |  7.7
Axes           | 1 |  1.6
Armour         | 1 3 6 7 9 11 14 17 19 20 21 | 21.4
Maces & Flails | 2 5 7 9 10 12 14 | 14.7
Shields        | 7 10 12 14 | 14.5
Translocations | 1 4 6 |  6.8
Spellcasting   | 2 4 5 6 |  6.4
Dodging        | 5 6 |  6.4
Polearms       | 3 |  3.1
Stealth        | |  1.5
Alchemy        | |  2.1

Action                     |  1- 3 |  4- 6 |  7- 9 | 10-12 | 13-15 | 16-18 || total
---------------------------+-------+-------+-------+-------+-------+-------++-------
  Melee: Staff             |   120 |    79 |       |       |       |       ||   199
         Headbutt          |    18 |    25 |    23 |    74 |   245 |   264 ||   649
         Hand axe          |       |    18 |    20 |       |       |       ||    38
         Punch             |       |     1 |       |     7 |     5 |       ||    13
         Flail             |       |       |   128 |   381 |   855 |   922 ||  2286
         Demon trident     |       |       |       |       |       |    33 ||    33
   Cast: Sting             |    17 |    36 |       |       |       |       ||    53
         Lesser Beckoning  |       |       |       |       |       |     1 ||     1
 Invoke: Potion Petition   |       |       |     1 |       |       |    11 ||    12
         Call Merchant     |       |       |       |       |     3 |     2 ||     5
Ability: Begin Untransform |       |       |       |       |     1 |       ||     1
  Evoke: Wand              |       |       |    23 |     7 |    19 |     7 ||    56
         Box of beasts     |       |       |       |       |       |     3 ||     3
    Use: Scroll            |     2 |     2 |     7 |    10 |    21 |    15 ||    57
         Potion            |     6 |     2 |     4 |       |    11 |    10 ||    33
   Stab: Sleeping          |       |     1 |       |       |       |       ||     1
         Distracted        |       |       |     1 |     8 |    10 |    17 ||    36
         Invisible         |       |       |       |       |       |     1 ||     1
 Armour: Robe              |    87 |    52 |       |       |       |       ||   139
         Gold dragon scale |       |    19 |   210 |   438 |   718 |   911 ||  2296
  Dodge: Dodged            |    99 |    48 |    40 |   130 |   354 |   286 ||   957
  Block: Other             |       |     7 |    30 |    93 |   128 |       ||   258
         Reflection        |       |     1 |     4 |     4 |     6 |       ||    15
         Tower shield      |       |       |       |       |   214 |  1515 ||  1729
   Form: Beast             |     1 |       |       |       |     1 |     1 ||     3

Table legend: (Time is in decaauts)
 A = Elapsed time spent in this place.
 B = Non-inter-level travel time spent in this place.
 C = Inter-level travel time spent in this place.
 D = Time resting spent in this place.
 E = Time spent auto-exploring this place.
 F = Levels seen in this place.
 G = Mean time per level.
                   A        B        C        D        E       F      G
               +--------+--------+--------+--------+--------+-----+--------+
         Total |  29734 |  27798 |   1936 |   3631 |  12846 |  33 |  901.0 |
       Dungeon |  19391 |  17914 |   1477 |   2904 |  11422 |  15 | 1292.7 |
          Lair |   2608 |   2366 |    242 |     68 |     44 |   5 |  521.6 |
        Shoals |   1728 |   1675 |     53 |      2 |      0 |   4 |  432.0 |
     Snake Pit |   2902 |   2802 |    100 |     36 |     42 |   4 |  725.5 |
  Orcish Mines |   2431 |   2368 |     63 |    455 |   1296 |   2 | 1215.5 |
        Vaults |    174 |    174 |      0 |      0 |      0 |   1 |  174.0 |
       Volcano |    187 |    187 |      0 |     13 |     42 |   1 |  187.0 |
      Gauntlet |    311 |    311 |      0 |    152 |      0 |   1 |  311.0 |
               +--------+--------+--------+--------+--------+-----+--------+

Top non-repeatable levels by time:
    D:14: 2218 daAuts
   Orc:2: 1762 daAuts
    D:13: 1679 daAuts
    D:12: 1441 daAuts
    D:10: 1435 daAuts
     D:7: 1356 daAuts
     D:5: 1353 daAuts
    D:11: 1257 daAuts
     D:6: 1253 daAuts
     D:8: 1229 daAuts
 Snake:4: 1206 daAuts
     D:2: 1178 daAuts
     D:9: 1139 daAuts
     D:1: 1092 daAuts
     D:4: 1059 daAuts
